 Dungeon Sprint DCSS version 0.30.1-5-ged363bc7ee (webtiles) character file.

Game seed: 15905605577677388076

21 Heoruswealwe the Covert (level 2, -5/14 HPs)
             Began as a Spriggan Artificer on Sept 19, 2023.
             Was a Follower of Dithmenos.
             Slain by a fire elemental (11 damage)
             ... in the Dungeon (Sprint V: "Ziggurat Sprint").
             The game lasted 00:04:04 (111 turns).

Heoruswealwe the Covert (Spriggan Artificer)         Turns: 111, Time: 00:04:05

Health: -5/14      AC: 16    Str:  8    XL:     2   Next: 62%
Magic:  3/3        EV:  8    Int: 12    God:    Dithmenos [*.....]
Gold:   0          SH:  0    Dex: 27    Spells: 1/1 levels left

rFire   . . .        a - +5 rapier
rCold   . . .        (no shield)
rNeg    . . .        c - +5 shadow dragon scales
rPois   .            (helmet restricted)
rElec   .            (no cloak)
rCorr   .            (gloves unavailable)
SInv    +            (boots unavailable)
Will    .....        (no amulet)
Stlth   ++++++++     k - +6 ring of dexterity
HPRegen 0.22/turn    j - +6 ring of dexterity
MPRegen 0.08/turn

%: no teleportation
@: mighty, wreathed by umbra, very quick
A: very small, no large weapons, unfitting armour, see invisible, speed 3
a: Renounce Religion


You were in the Dungeon.
You worshipped Dithmenos.
Dithmenos was aware of your devotion.
You visited 1 branch

Inventory:

Hand Weapons
 a - a +5 rapier (weapon)
 b - a +5 quick blade
Armour
 c - +5 shadow dragon scales (worn)
Jewellery
 j - a +6 ring of dexterity (right hand)
 k - a +6 ring of dexterity (left hand)
Wands
 d - a wand of charming (15)
 e - a wand of iceblast (24)
 u - a wand of mindburst (7)
 v - a wand of light (7)
 F - a wand of flame (15) (quivered)
Scrolls
 r - 7 scrolls of fog
 x - 4 scrolls of blinking
Potions
 f - 10 potions of curing
 g - 10 potions of heal wounds
 h - 6 potions of haste
 m - 2 potions of invisibility
 n - 4 potions of resistance
 p - 4 potions of might


   Skills:
 - Level 0.7 Fighting
 - Level 3.2 Dodging
 + Level 12.2 Stealth
 - Level 4.0 Evocations


You had one spell level left.
You didn't know any spells.
Your spell library was empty.

Dungeon Overview and Level Annotations

Branches:
Dungeon (1/1)

Altars:
Ashenzari
Cheibriados
Dithmenos
Elyvilon
Fedhas
Gozag
Hepliaklqana
Kikubaaqudgha
Makhleb
Nemelex Xobeh
Okawaru
Qazlal
Ru
Sif Muna
Trog
Uskayaw
Vehumet
Wu Jian
Xom
Yredelemnul
Zin
The Shining One
Jiyva
Lugonu

Annotations:
D 1 transporter


Innate Abilities, Weirdness & Mutations

You are very small and have problems with some larger weapons.
You are too small for most types of armour.
You have supernaturally acute eyesight. (SInv)
You cover ground extremely quickly. (Speed+++)


Message History

You stick the ufetubus like a pincushion!!!!
You kill the ufetubus!
Dithmenos accepts your kill.
The helpless white imp fails to defend itself.
You spit the white imp like a pig!!!
You kill the white imp!
Dithmenos accepts your kill.
You are shrouded in an aura of darkness!
Your Stealth skill increases to level 12!
You see here the +5 mace of Youthful Indiscretion {heavy, rF++ Dex-2}.
i - a ring of poison resistance You drop a ring of poison resistance.
There is a transporter here.
Welcome to arena 2.
You enter the transporter and appear at another place.
A deep elf zephyrmancer, a deep elf knight and a fire elemental come into view.
Found two staves of air and a wand of mindburst (8).
Found a transporter.
The deep elf knight shouts!
The deep elf knight hits you but does no damage.
You puncture the deep elf zephyrmancer!
The deep elf zephyrmancer is moderately wounded.
The fire elemental hits you. The fire elemental burns you!
The deep elf knight hits you with a +0 long sword.
The deep elf zephyrmancer mumbles some strange words.
The deep elf zephyrmancer blinks!
You puncture the deep elf zephyrmancer!
The deep elf zephyrmancer is heavily wounded.
The fire elemental closely misses you.
The deep elf knight hits you with a +0 long sword.
The deep elf zephyrmancer barely misses you.
The fire elemental closely misses you.
You puncture the deep elf zephyrmancer!
The deep elf zephyrmancer is almost dead.
The deep elf knight mumbles some strange words.
The deep elf knight seems to speed up.
The deep elf zephyrmancer hits you but does no damage.
The fire elemental hits you. The fire elemental burns you!
Ouch! That really hurt!
You die...

▓▓▓▓▓▓▓▓▓▓▓▓▓
▓.8○8.▓.8©8.▓
▓.Ee|.▓.....▓
▓e@...▓.=.).▓
▓.....▓.....▓
▓.....▓.....▓
▓.....▓..©..▓
▓..©..▓▓▓▓▓▓▓
▓▓▓▓▓▓▓


You could see a deep elf knight (fast), a deep elf zephyrmancer and a fire
elemental.

Vanquished Creatures
  A white imp (D)
  An ufetubus (D)
2 creatures vanquished.

Notes
Turn   | Place    | Note
-------+----------+-------------------------------------------
     0 | D        | Heoruswealwe the Spriggan Artificer began the quest for the
                  | Orb.
     0 | D        | Reached XP level 1. HP: 9/9 MP: 2/2
     0 | D        | Found a shimmering blue altar of Sif Muna.
     0 | D        | Found a sacrificial altar of Ru.
     0 | D        | Found a bloodstained altar of Trog.
     0 | D        | Found a stormy altar of Qazlal.
     0 | D        | Found an iron altar of Okawaru.
     0 | D        | Found a sparkling altar of Nemelex Xobeh.
     0 | D        | Found a blossoming altar of Fedhas.
     0 | D        | Found the +6 Majin-Bo {spellvamp, MP+6 Int+6}
     0 | D        | Found the +27 heavy crossbow "Sniper" {heavy, Acc+∞ SInv}
     0 | D        | Found the +10 dark maul {heavy}
     0 | D        | Found the +15 Maxwell's patent armour {-Cast -Tele rElec
                  | Will+ rCorr}
     0 | D        | Found the +18 shield of the Gong {Loud rN+ Will+ rCorr
                  | EV-5}
     0 | D        | Found the +16 obsidian axe {drain, demonic, Mesm Drain Fly
                  | SInv}
     0 | D        | Found the +7 great mace "Firestarter" {flame, immolate,
                  | rFlCloud rF++}
     0 | D        | Found the +6 shillelagh "Devastator" {shatter}
     0 | D        | Found the +11 plutonium sword {Contam Stlth-}
     0 | D        | Found the +8 lance "Wyrmbane" {slay drac, rPois rF+ rC+
                  | AC+3}
     0 | D        | Found the +9 sword of Zonguldrok {reap}
     0 | D        | Found the +13 scythe of Curses {drain, curses, Drain}
     0 | D        | Found the +9 sword of Power {lifebolt}
     0 | D        | Found the +7 mace of Variability {chaos, chaos arc}
     0 | D        | Found the +11 Singing Sword {sonic wave}
     0 | D        | Found the +8 storm bow {elec, penet}
     2 | D        | Found a transporter.
     2 | D        | Found an ancient bone altar of Kikubaaqudgha.
     2 | D        | Found a viscous altar of Jiyva.
     2 | D        | Found a corrupted altar of Lugonu.
     2 | D        | Found a hazy altar of Hepliaklqana.
     2 | D        | Found a burning altar of Makhleb.
     2 | D        | Found an opulent altar of Gozag.
    51 | D        | Became a worshipper of Dithmenos the Shadowed
    76 | D        | Reached skill level 11 in Stealth
    76 | D        | Reached XP level 2. HP: 14/14 MP: 3/3
    92 | D        | Entered arena 2.
    92 | D        | Found a transporter.
    96 | D        | Reached * piety under Dithmenos
    97 | D        | Reached skill level 12 in Stealth
   104 | D        | Entered arena 3.
   104 | D        | Noticed a deep elf zephyrmancer
   104 | D        | Noticed a deep elf knight
   104 | D        | Noticed a fire elemental
   104 | D        | Found a transporter.
   111 | D        | Slain by a fire elemental

Illustrated notes

Levels and vault maps discovered:
D:        sprint_v [room_start, room_1, room_2, room_3, room_4, room_5, room_6,
          room_7, room_8, room_9, room_10, room_11, room_12, room_13, room_14,
          room_15, room_16, room_17, room_18, room_19, room_20, room_21,
          room_22, room_23, room_24, room_25, room_26, room_27]

Skill      XL: |  1  2 |
---------------+-------+-----
Stealth        | 11 12 | 12.2
Fighting       | |  0.7
Dodging        | |  3.2
Evocations     | |  4.0

Action                     || total
---------------------------++-------
  Melee: Rapier            ||     5
    Use: Potion            ||     2
   Stab: Sleeping          ||     2
 Armour: Shadow dragon sca ||     4
  Dodge: Dodged            ||     3
